 Dungeon Crawl Stone Soup version 0.23-a0-29-g1be82e5 (webtiles) character file.

1513 jjfam the Cleaver (level 8, -18/73 HPs)
             Began as a Deep Dwarf Fighter on Aug 3, 2018.
             Was an Initiate of Makhleb.
             Demolished by an orc warrior
             ... wielding a +0 dire flail
              (19 damage)
             ... on level 6 of the Dungeon.
             The game lasted 00:08:35 (4071 turns).

jjfam the Cleaver (Deep Dwarf Fighter)              Turns: 4071, Time: 00:08:36

Health: -18/73     AC: 15    Str: 21    XL:     8   Next: 53%
Magic:  4/4        EV:  5    Int: 14    God:    Makhleb [......]
Gold:   167        SH: 10    Dex: 12    Spells: 7/7 levels left

rFire    . . .     SeeInvis .   a - +0 war axe
rCold    . . .     Gourm    .   c - +0 shield
rNeg     . . .     Faith    .   s - +0 plate armour
rPois    .         Spirit   .   u - +0 helmet
rElec    .         Reflect  .   l - +0 cloak
rCorr    .         Harm     .   (no gloves)
MR       +....                  (no boots)
Stlth    ..........             (no amulet)
HPRegen  0.00/turn              i - +4 ring of intelligence
MPRegen  0.09/turn              (no ring)

@: non-regenerating
A: damage resistance, heal wounds, sense surroundings 1, no regeneration
a: Heal Wounds, Renounce Religion


You were on level 6 of the Dungeon.
You worshipped Makhleb.
Makhleb was noncommittal.
You were not hungry.

You visited 2 branches of the dungeon, and saw 7 of its levels.

You collected 167 gold pieces.

Inventory:

Hand Weapons
 a - a +0 war axe (weapon)
Armour
 c - a +0 shield (worn)
 l - a +0 cloak (worn)
 s - a +0 plate armour (worn)
 u - a +0 helmet (worn)
Jewellery
 i - a +4 ring of intelligence (left hand)
 t - an uncursed ring of protection from magic {unknown}
 y - an uncursed ring of ice {unknown}
Wands
 v - a wand of flame (28)
Scrolls
 e - 2 scrolls of remove curse {unknown}
 g - 7 scrolls of identify {unknown}
 h - 4 scrolls of fear {unknown}
 m - 6 scrolls of teleportation {unknown}
 n - a scroll of magic mapping {unknown}
 o - a scroll of enchant weapon {unknown}
 p - 2 scrolls of immolation {unknown}
 r - a scroll of amnesia {unknown}
 w - 2 scrolls of fog {unknown}
Potions
 b - 2 potions of curing {unknown}
 d - 3 potions of might
 j - a potion of lignification {unknown}
 k - a potion of magic {unknown}
 q - 2 potions of heal wounds {unknown}
 x - 2 potions of flight {unknown}
Comestibles
 f - 13 rations
 z - a chunk of flesh


   Skills:
 + Level 4.3 Fighting
 + Level 8.4 Axes
 + Level 5.9 Armour
 + Level 0.9 Dodging
 + Level 1.1 Stealth
 + Level 6.1 Shields


You had 7 spell levels left.
You didn't know any spells.
Your spell library was empty.

Dungeon Overview and Level Annotations

Branches:
Dungeon (6/15)             Temple (1/1) D:5

Altars:
Ashenzari
Cheibriados
Dithmenos
Fedhas
Gozag
Hepliaklqana
Kikubaaqudgha
Makhleb
Nemelex Xobeh
Okawaru
Qazlal
Ru
Sif Muna
Trog
Uskayaw
Vehumet
Wu Jian
Yredelemnul
Zin
The Shining One

Shops:
D:4 :

Annotations:
D:6 Prince Ribbit


Innate Abilities, Weirdness & Mutations

You are resistant to damage.
You can heal yourself by infusing magical energy.
You passively map a small area around you.
You do not regenerate.


Message History

The orc hits you but does no damage.
You barely miss the orc warrior.
The orc warrior is moderately wounded.
The orc warrior hits you with a dire flail!
* * * LOW HITPOINT WARNING * * *
The orc hits you but does no damage.
You hit the orc warrior but do no damage.
The orc warrior is moderately wounded.
You block the orc warrior's attack. The orc hits you but does no damage.
Your plate armour prevents you from hitting the orc warrior.
The orc warrior is moderately wounded.
The orc warrior hits you with a dire flail!!
* * * LOW HITPOINT WARNING * * *
You block the orc's attack. The phantom hits you.
* * * LOW HITPOINT WARNING * * *
You hit the orc warrior.
The orc warrior is moderately wounded.
Your shield and plate armour prevent you from hitting the phantom.
The orc warrior hits you with a dire flail!!
You die...

#.. , * , #.. ,,. , , , ,
#.. . , , , #####..# #'
###* ....# *.##.## ,
....# ,,, '...+ ,, ,,
....# , *.o. , ,
....############W####+##
,
...............o@.......
,
........................
, ,
........................
........................*
,
........................
+ ,
........................
####....#+######....####
, ,#....#......#....# , ,
#....#......+....# *


You could see a phantom, an orc warrior and an orc.

Vanquished Creatures
  Pikel (D:5)
  Edmund (D:5)
  An ice beast (D:6)
  An ogre (D:5)
  2 centaurs (D:6)
  A centaur zombie (D:6)
  A crimson imp (D:5)
  4 orc priests
  2 jellies (D:2)
  Ijyb (D:5)
  Terence (D:2)
  2 iguanas
  2 worker ants
  A hound skeleton (D:4)
  6 gnolls
  2 adders
  2 shadow imps
  9 oozes (D:2)
  3 worms
  A dart slug (D:1)
  3 leopard geckos
  8 orcs
  A giant cockroach (D:1)
  6 goblins
  2 hobgoblins
  7 jackals
  11 kobolds
  A quokka (D:6)
  3 bats
  5 frilled lizards
  A quokka skeleton (D:4)
  A rat (D:1)
  A toadstool (D:2)
94 creatures vanquished.

Vanquished Creatures (others)
  A fungus (D:2)
  6 toadstools (D:2)
7 creatures vanquished.

Grand Total: 101 creatures vanquished

Notes
Turn   | Place    | Note
-------+----------+-------------------------------------------
     0 | D:1      | jjfam the Deep Dwarf Fighter began the quest for the Orb.
     0 | D:1      | Reached XP level 1. HP: 20/20 MP: 1/1
    58 | D:1      | Reached XP level 2. HP: 24/27 MP: 2/2
   882 | D:2      | Reached XP level 3. HP: 29/33 MP: 3/3
   918 | D:2      | Reached skill level 3 in Axes
   921 | D:2      | Reached XP level 4. HP: 32/40 MP: 4/4
   996 | D:2      | Noticed Terence
  1002 | D:2      | Killed Terence
  1002 | D:2      | Reached skill level 4 in Axes
  1002 | D:2      | Reached XP level 5. HP: 33/49 MP: 5/5
  1488 | D:3      | Reached skill level 5 in Axes
  2038 | D:4      | Reached XP level 6. HP: 24/56 MP: 5/5
  2105 | D:4      | Found a sparkling altar of Nemelex Xobeh.
  2127 | D:4      | Found a hazy altar of Hepliaklqana.
  2130 | D:4      | Found an ornate altar of the Wu Jian Council.
  2131 | D:4      | Found a hide-covered altar of Uskayaw.
  2132 | D:4      | Found a blossoming altar of Fedhas.
  2132 | D:4      | Found an opulent altar of Gozag.
  2133 | D:4      | Found an ancient bone altar of Kikubaaqudgha.
  2137 | D:4      | Found a bloodstained altar of Trog.
  2211 | D:4      | Found an iron altar of Okawaru.
  2299 | D:4      | Found Legaqitrep's Book Emporium.
  2746 | D:5      | Entered Level 5 of the Dungeon
  2769 | D:5      | Noticed Ijyb
  2778 | D:5      | Killed Ijyb
  2805 | D:5      | Noticed Edmund
  2826 | D:5      | Killed Edmund
  2826 | D:5      | Reached skill level 6 in Axes
  2826 | D:5      | Reached skill level 5 in Shields
  2826 | D:5      | Reached XP level 7. HP: 47/62 MP: 4/4
  2936 | D:5      | You fall through a shaft!
  2975 | D:5      | Found a staircase to the Ecumenical Temple.
  2981 | Temple   | Entered the Ecumenical Temple
  3204 | Temple   | Became a worshipper of Makhleb the Destroyer
  3460 | D:5      | Found a stormy altar of Qazlal.
  3634 | D:5      | Noticed Pikel
  3648 | D:5      | Killed Pikel
  3648 | D:5      | Reached skill level 7 in Axes
  3648 | D:5      | Reached skill level 5 in Armour
  3648 | D:5      | Reached skill level 1 in Stealth
  3648 | D:5      | Reached XP level 8. HP: 72/72 MP: 5/5
  3837 | D:6      | Noticed Prince Ribbit
  3893 | D:6      | Reached skill level 8 in Axes
  4070 | D:6      | HP: 2/73 [orc warrior/dire flail (16)]
  4071 | D:6      | Demolished by an orc warrior

Vault maps used:
D:1:      dpeg_arrival_refuge
D:2:      cheibrodos_fertilizer, uniq_terence
D:4:      marbit_many_paths, minitemple, serial_shops, shop, first_ration
D:5:      minmay_temple_entry_nine_rooms, grunt_qazlal_sundering, uniq_ijyb,
          uniq_pikel, uniq_edmund
D:6:      basic_altar, uniq_prince_ribbit1
Temple:   minmay_temple_curvy_loop

Skill      XL: |  1  2  3  4  5  6  7  8 |
---------------+-------------------------+-----
Shields        | 4 5 6 |  6.1
Axes           | 3 4 5 6 7 8 |  8.4
Fighting       | 3 4 |  4.3
Armour         | 4 5 |  5.9
Stealth        | 1 |  1.1
Dodging        | |  0.9

Action                   |  1- 3 |  4- 6 |  7- 9 || total
-------------------------+-------+-------+-------++-------
Melee: War axe           |    64 |   205 |   171 ||   440
 Abil: Heal Wounds       |       |     9 |     7 ||    16
  Eat: Chunk             |       |     7 |     4 ||    11
Armor: Scale mail        |    30 |    35 |       ||    65
       Plate armour      |       |    65 |    70 ||   135
Dodge: Dodged            |    28 |    33 |    19 ||    80
Block: Shield            |    45 |    99 |    94 ||   238

Table legend:
 A = Spawn XP
 B = Non-spawn XP
 C = Spawn XP percentage of total XP
 D = Spawn monster count
 E = Non-spawn monster count
 F = Spawn count percentage of total count
 G = Total turns spent on level
                    A         B        C        D         E        F      G
               +---------+---------+-------+---------+---------+-------+---------
         Total |       0 |    2162 |   0.0 |       0 |      93 |   0.0 |  4071
               +---------+---------+-------+---------+---------+-------+---------
           D:1 |       0 |      38 |   0.0 |       0 |      20 |   0.0 |   858
           D:2 |       0 |     203 |   0.0 |       0 |      24 |   0.0 |   523
           D:3 |       0 |     104 |   0.0 |       0 |       9 |   0.0 |   599
           D:4 |       0 |     221 |   0.0 |       0 |      18 |   0.0 |   766
           D:5 |       0 |    1122 |   0.0 |       0 |      10 |   0.0 |   807
           D:6 |       0 |     474 |   0.0 |       0 |      12 |   0.0 |   283
               +---------+---------+-------+---------+---------+-------+---------
